Description

TvP meta build order with cyclone timing attack and libarator harasing

Replay - Geralt v Spirit - El Dorado

Build Order

Get SALT Encoding   

  12  0:00  SCV  
  13  0:12  SCV  
  14  0:17  Supply Depot  
  14  0:24  SCV  
  15  0:39  SCV  
  15  0:40  Barracks  
  16  0:44  Refinery  
  16  0:51  SCV  
  17  1:03  SCV  
  18  1:15  SCV  
  19  1:27  Marine, Orbital Command  
  20  1:49  Command Center  
  20  1:53  SCV  
  21  1:56  Factory  
  21  2:04  Barracks Reactor  
  21  2:05  SCV  
  21  2:08  Refinery  
  22  2:15  Supply Depot  
  22  2:17  SCV  
  23  2:40  Factory Tech Lab  
  23  2:41  Marine x2  
  23  2:43  Starport  
  27  3:00  Cyclone  
  27  3:01  Orbital Command  
  31  3:05  Marine x2  
  36  3:29  Supply Depot  
  36  3:31  Marine x2  
  36  3:32  Cyclone  
  41  3:38  Medivac  
  45  3:49  Marine  
  47  3:56  Supply Depot  
  47  3:59  Marine  
  49  4:06  Barracks  
  49  4:07  Marine  
  49  4:09  Liberator  
  54  4:19  Supply Depot  
  59  4:34  Engineering Bay  
  59  4:49  Siege Tank  
  66  5:13  Barracks Tech Lab  
  65  5:16  Barracks  
  65  5:20  Bunker  
  65  5:21  Siege Tank, Refinery x2  
  68  5:22  Missile Turret  
  68  5:26  Terran Infantry Weapons Level 1  
  70  5:36  Stimpack  
  70  5:58  Starport Reactor  
  70  6:02  Missile Turret  
  68  6:27  Barracks Tech Lab  
  69  6:34  Medivac  
  69  6:37  Refinery  
  73  6:46  Combat Shield  
  79  7:14  Marauder  
  81  7:19  Medivac x2  
  83  7:36  Marauder  
  77  7:50  Medivac x2  
  75  7:56  Command Center, Terran Infantry Armor Level 1  
  75  7:59  Marauder  
  75  8:05  Concussive Shells  
  78  8:09  Marauder  
  83  8:20  Medivac  
  84  8:29  Marauder x2  
  84  8:30  Barracks x2  
  84  8:31  Factory Reactor  
  92  8:57  Marauder  
  92  8:58  Medivac x2  
  100  9:09  Widow Mine x2  
  104  9:12  Ghost Academy  
  107  9:25  Marauder  
  107  9:26  Barracks Reactor  
  107  9:29  Missile Turret  
  107  9:31  Widow Mine x2  
  116  9:42  Missile Turret, Ghost x2  
  116  9:44  Sensor Tower  
  122  9:52  Widow Mine  
  126  9:53  Orbital Command  
  126  9:57  Ghost  
  130  10:03  Armory  
  130  10:11  Ghost x2  
  136  10:16  Refinery x2  
  136  10:26  Ghost  
  135  10:39  Ghost  
  135  10:40  Marauder  
  128  10:46  Widow Mine x2  
  133  10:53  Terran Infantry Weapons Level 2  
  133  10:55  Marauder  
  133  10:56  Command Center  
  149  11:33  Viking x2  
  157  11:41  Sensor Tower  
  156  12:03  Medivac  
  156  12:06  Ghost  
  156  12:08  Engineering Bay  
  165  12:19  Planetary Fortress  
  165  12:32  Missile Turret  
  165  12:37  Terran Infantry Armor Level 2  
  185  13:11  Terran Infantry Weapons Level 3  
  181  13:13  Barracks Tech Lab  
  181  13:21  Command Center  
  181  13:28  Terran Ship Weapons Level 1  
  181  13:31  Barracks x3  
  181  13:43  Fusion Core, Starport  
  187  13:51  Refinery  
  187  13:52  Sensor Tower  
  190  14:01  Personal Cloaking  
  189  14:35  Ghost  
  193  14:46  Missile Turret  
  193  14:49  Barracks Tech Lab x2  
  192  14:55  Terran Infantry Armor Level 3  
  193  15:12  Missile Turret  
  200  15:27  Planetary Fortress  
  143  15:59  Ghost  
  143  16:01  Widow Mine x2  
Spawning Tool Build Advisor. Get it on Overwolf

Go to:

Details

  • Created by: herkoss
  • Published on: Jan 27, 2025
  • Modified on: Jan 27, 2025
  • Patch: 5.0.11
  • Difficulty: Medium
Show
View Real Time Build Order
Export as new Build Order

Comments (0)

There are no comments. Be the first!

Create an account to comment!